 Dungeon Crawl Stone Soup version 0.26-a0-597-gb535b0901c (webtiles) character file.

Game seed: 2362635488338404011

(classic levelgen) 2441 EnegeticOcto the Cleaver (level 9, -17/82 HPs)
             Began as a Deep Dwarf Fighter on Aug 27, 2020.
             Demolished by a two-headed ogre
             ... wielding a +0 giant spiked club
              (18 damage)
             ... on level 8 of the Dungeon.
             The game lasted 00:03:11 (3428 turns).

EnegeticOcto the Cleaver (Deep Dwarf Fighter)       Turns: 3428, Time: 00:03:12

Health: -17/82     AC: 16    Str: 22    XL:     9   Next: 25%
Magic:  2/2        EV:  5    Int: 10    God:
Gold:   447        SH: 11    Dex: 12    Spells: 8/8 levels left

rFire    . . .     SeeInvis .   a - +0 war axe
rCold    . . .     Faith    .   c - +0 kite shield
rNeg     . . .     Spirit   .   k - +0 plate armour
rPois    .         Reflect  .   (no helmet)
rElec    .         Harm     .   w - +2 cloak
rCorr    +                      (no gloves)
MR       +....                  (no boots)
Stlth    ..........             (no amulet)
HPRegen  0.00/turn              m - ring of resist corrosion
MPRegen  0.08/turn              (no ring)

@: non-regenerating
A: damage resistance, heal wounds, sense surroundings 2, no regeneration
a: Heal Wounds


You were on level 8 of the Dungeon.
You visited 2 branches of the dungeon, and saw 9 of its levels.

You collected 447 gold pieces.

Inventory:

Hand Weapons
 a - a +0 war axe (weapon)
Armour
 b - a +0 scale mail
 c - a +0 kite shield (worn)
 k - a +0 plate armour (worn)
 w - a +2 cloak (worn)
Jewellery
 m - a ring of resist corrosion (left hand)
 r - an uncursed ring of fire
Wands
 o - a wand of paralysis (6)
Scrolls
 g - a scroll of enchant armour
 h - 2 scrolls of magic mapping {@r5}
 l - 5 scrolls of teleportation {@r3}
 s - 3 scrolls of identify {@r1}
Potions
 d - 3 potions of might {@q3}
 e - 3 potions of stabbing {@q5}
 f - 2 potions of ambrosia
 i - a potion of heal wounds {unknown}
 j - a potion of haste {unknown}
 n - a potion of cancellation {unknown}
 p - a potion of curing {unknown}
 q - 2 potions of flight
 t - 3 potions of lignification {@q7}


   Skills:
 + Level 5.8 Fighting
 * Level 9.0 Axes
 + Level 6.9 Armour
 + Level 6.9 Shields


You had 8 spell levels left.
You didn't know any spells.
Your spell library was empty.

Dungeon Overview and Level Annotations

Branches:
Dungeon (8/15)             Temple (1/1) D:5
   Lair: D:8-11

Altars:
Cheibriados
Dithmenos
Elyvilon
Fedhas
Gozag
Kikubaaqudgha
Nemelex Xobeh
Okawaru
Ru
Sif Muna
Trog
Uskayaw
Wu Jian
Xom
Yredelemnul
Zin
The Shining One

Shops:
D:4 [


Innate Abilities, Weirdness & Mutations

You are resistant to damage.
You can heal yourself by infusing magical energy.
You passively map the area around you.
You do not regenerate.


Message History

No target in view!
No target in view!
No target in view!
No target in view!
No target in view!
No target in view!
No target in view!
No target in view!
No target in view!
No target in view!
No target in view!
No target in view!
e - 3 potions of stabbing {@q5} (gained 1)
Things that are here:
a -2 spear; a +0 animal skin; the gnoll corpse of Grum You see here a wolf corpse.
You now have 447 gold pieces (gained 10).
Things that are here:
a +0 giant club; an ogre corpse No target in view!
You see here a wolf corpse.
Found a scroll of noise.
s - 3 scrolls of identify {@r1} (gained 1)
A two-headed ogre comes into view.
It is wielding a +0 giant spiked club and a +0 giant club.
The two-headed ogre moves out of view.
Found a scroll of fear.
A two-headed ogre is nearby!
A two-headed ogre is nearby!
Found 24 stones.
Found a stone staircase leading down.
The two-headed ogre hits you with a +0 giant spiked club.
You block the two-headed ogre's attack.
A two-headed ogre is nearby!
A two-headed ogre is nearby!
A two-headed ogre is nearby!
A two-headed ogre is nearby!
A two-headed ogre is nearby!
You hit the two-headed ogre but do no damage.
You slash the two-headed ogre!
The two-headed ogre is lightly wounded.
You block the two-headed ogre's attack.
The two-headed ogre hits you with a +0 giant club.
You hit the two-headed ogre.
The two-headed ogre is moderately wounded.
The two-headed ogre hits you with a +0 giant spiked club.
The two-headed ogre barely misses you.
You barely miss the two-headed ogre.
The two-headed ogre is moderately wounded.
The two-headed ogre hits you with a +0 giant spiked club!!
* * * LOW HITPOINT WARNING * * *
The two-headed ogre barely misses you.
You are too injured to fight recklessly!
You are too injured to fight recklessly!
You are too injured to fight recklessly!
You are too injured to fight recklessly!
You are too injured to fight recklessly!
You are too injured to fight recklessly!
A two-headed ogre is nearby!
A two-headed ogre is nearby!
A two-headed ogre is nearby!
A two-headed ogre is nearby!
A two-headed ogre is nearby!
A two-headed ogre is nearby!
You are too injured to fight recklessly!
You are too injured to fight recklessly!
You are too injured to fight recklessly!
You are too injured to fight recklessly!
You are too injured to fight recklessly!
You are too injured to fight recklessly!
You are too injured to fight recklessly!
You are too injured to fight recklessly!
You are too injured to fight recklessly!
You are too injured to fight recklessly!
You are too injured to fight recklessly!
You are too injured to fight recklessly!
A two-headed ogre is nearby!
A two-headed ogre is nearby!
A two-headed ogre is nearby!
You are too injured to fight recklessly!
You are too injured to fight recklessly!
You are too injured to fight recklessly!
You are too injured to fight recklessly!
You are too injured to fight recklessly!
You are too injured to fight recklessly!
You are too injured to fight recklessly!
You are too injured to fight recklessly!
You are too injured to fight recklessly!
You are too injured to fight recklessly!
You are too injured to fight recklessly!
You hit the two-headed ogre but do no damage.
The two-headed ogre is moderately wounded.
The two-headed ogre hits you with a +0 giant spiked club!
* * * LOW HITPOINT WARNING * * *
The two-headed ogre hits you with a +0 giant club!
* * * LOW HITPOINT WARNING * * *
You slash the two-headed ogre!
The two-headed ogre is moderately wounded.
Your plate armour prevents you from hitting the two-headed ogre.
The two-headed ogre is moderately wounded.
The two-headed ogre hits you with a +0 giant spiked club!!
You die...

# *#..?........# ,
, * ,
####...........#
##. .##...........#
... *
...##.........###..
..####.......###..#
, , ..##
#........##..+ ,.
...#
##.....#.##.(###...
, ...#
##...###.#......>.
,,, * ...## #..##
##.@O...... , **
....# ####
#......... ....#
#......... , ,
....# ......?... *
....# #.......... *
..### ##.........**
, ### ##.......# *
, # ###....## , , #
* ,


You could see a two-headed ogre.

Vanquished Creatures
  Grum (D:8)
  An orc warrior (D:7)
  4 wolves (D:8)
  6 centaurs
  2 ogres
  A phantom (D:4)
  3 bullfrogs
  3 scorpions (D:7)
  3 orc priests (D:7)
  Crazy Yiuf (D:5)
  A gnoll shaman (D:5)
  3 orc wizards
  5 hounds
  2 iguanas (D:6)
  Ijyb (D:5)
  8 worker ants
  2 hound skeletons
  A worker ant zombie (D:4)
  3 gnolls (D:5)
  5 adders
  A shadow imp (D:6)
  A white imp (D:5)
  2 ufetubi
  An ooze (D:6)
  A worm (D:3)
  2 leopard geckos
  15 orcs
  5 giant cockroaches
  3 goblins
  3 hobgoblins
  2 kobolds
  A quokka (D:4)
  A ball python (D:1)
  2 frilled lizards
  A quokka skeleton (D:4)
97 creatures vanquished.

Vanquished Creatures (collateral kills)
  A giant cockroach (D:6)
1 creature vanquished.

Grand Total: 98 creatures vanquished

Notes
Turn   | Place    | Note
-------+----------+-------------------------------------------
     0 | D:1      | EnegeticOcto the Deep Dwarf Fighter began the quest for the
                  | Orb.
     0 | D:1      | Reached XP level 1. HP: 20/20 MP: 1/1
   224 | D:2      | Reached XP level 2. HP: 24/27 MP: 2/2
   266 | D:2      | Reached skill level 3 in Axes
   267 | D:2      | Reached XP level 3. HP: 28/33 MP: 3/3
   291 | D:3      | Found a shadowy altar of Dithmenos.
   667 | D:4      | Reached XP level 4. HP: 21/42 MP: 4/4
   669 | D:4      | HP: 2/42 [orc wizard/magic dart (8)]
   719 | D:4      | Found Pemnig's Armour Boutique.
   826 | D:4      | Found a shimmering blue altar of Sif Muna.
   826 | D:4      | Found a white marble altar of Elyvilon.
   827 | D:4      | Found a snail-covered altar of Cheibriados.
   954 | D:4      | Reached skill level 4 in Axes
   962 | D:4      | Reached XP level 5. HP: 33/49 MP: 4/4
   968 | D:4      | Found a shimmering altar of Xom.
  1295 | D:4      | Noticed a phantom
  1320 | D:4      | Killed a phantom
  1320 | D:4      | Reached XP level 6. HP: 28/57 MP: 5/5
  1434 | D:5      | Entered Level 5 of the Dungeon
  1434 | D:5      | Noticed Ijyb
  1444 | D:5      | Killed Ijyb
  1482 | D:5      | Reached skill level 5 in Axes
  1544 | D:5      | Found a hide-covered altar of Uskayaw.
  1560 | D:5      | Reached XP level 7. HP: 44/64 MP: 6/6
  1579 | D:5      | Found a staircase to the Ecumenical Temple.
  1589 | Temple   | Entered the Ecumenical Temple
  1783 | D:5      | Found an ancient bone altar of Kikubaaqudgha.
  1855 | D:5      | Reached skill level 5 in Armour
  1855 | D:5      | Reached skill level 5 in Shields
  1858 | D:5      | Reached skill level 6 in Axes
  1967 | D:5      | Found a runed translucent door.
  1968 | D:5      | Noticed Crazy Yiuf
  2071 | D:5      | Killed Crazy Yiuf
  2338 | D:6      | Reached XP level 8. HP: 38/73 MP: 7/7
  2393 | D:6      | Reached skill level 7 in Axes
  2625 | D:6      | Found a blossoming altar of Fedhas.
  2989 | D:7      | Reached skill level 5 in Fighting
  3215 | D:7      | Reached skill level 8 in Axes
  3244 | D:7      | Noticed an eight-headed hydra
  3357 | D:8      | Gained mutation: You passively map the area around you.
                  | [Deep Dwarf growth]
  3357 | D:8      | Reached XP level 9. HP: 43/81 MP: 4/4
  3357 | D:8      | Noticed Grum
  3391 | D:8      | Killed Grum
  3391 | D:8      | Reached skill level 9 in Axes
  3418 | D:8      | Noticed a two-headed ogre
  3426 | D:8      | HP: 1/82 [two-headed ogre/+0 giant spiked club (7)]
  3428 | D:8      | Demolished by a two-headed ogre

Illustrated notes

Levels and vault maps discovered:
D:1:      giann_forest_graveyard, layout_basic
D:2:      layout_rooms, old_standard_altar
D:3:      layout_loops_ring, cheibrodos_ashenzari_chains,
          grunt_dithmenos_smoke_and_mirrors, chequers_serial_rivers_small_3,
          grunt_decor_resistance, nicolae_xom_altar_mimics
D:4:      layout_cave_pods, gammafunk_temple_overflow_claw, marbit_many_paths,
          serial_shops, shop_statue, kennysheep_cross_room
D:5:      layout_rooms, old_standard_altar, kiku_gazebo_pond_becter,
          minmay_temple_entry_tees, uniq_crazy_yiuf_cottage, uniq_ijyb
D:6:      layout_basic, fedhas_altar_2, dk_noncrumbling_2
D:7:      layout_basic
D:8:      layout_cave_pods, kennysheep_mini_moat, kennysheep_mini, serial_shops,
          shop, uniq_grum
Temple:   jpeg_temple_island

Skill      XL: |  1  2  3  4  5  6  7  8  9 |
---------------+----------------------------+-----
Axes           | 3 4 5 6 8 9 |  9.0
Fighting       | 3 4 5 |  5.8
Armour         | 4 5 6 |  6.9
Shields        | 4 5 6 |  6.9

Action                   |  1- 3 |  4- 6 |  7- 9 || total
-------------------------+-------+-------+-------++-------
Melee: War axe           |    67 |   125 |   250 ||   442
 Abil: Heal Wounds       |       |     6 |    22 ||    28
Evoke: Wand              |       |       |     3 ||     3
  Use: Scroll            |       |       |    15 ||    15
Armor: Scale mail        |    30 |    18 |       ||    48
       Plate armour      |       |    61 |   210 ||   271
Dodge: Dodged            |    32 |    44 |    65 ||   141
Block: Kite shield       |    46 |    80 |   218 ||   344

Table legend: (Time is in decaauts)
 A = Elapsed time spent in this place.
 B = Non-inter-level travel time spent in this place.
 C = Inter-level travel time spent in this place.
 D = Time resting spent in this place.
 E = Time spent auto-exploring this place.
 F = Levels seen in this place.
 G = Mean time per level.
                   A        B        C        D        E       F      G
               +--------+--------+--------+--------+--------+-----+--------+
         Total |   3556 |   3308 |    248 |      0 |   2388 |   9 |  395.1 |
       Dungeon |   3484 |   3271 |    213 |      0 |   2360 |   8 |  435.5 |
        Temple |     72 |     37 |     35 |      0 |     28 |   1 |   72.0 |
               +--------+--------+--------+--------+--------+-----+--------+

Top non-repeatable levels by time:
     D:4: 1015 daAuts
     D:6: 863 daAuts
     D:5: 643 daAuts
     D:7: 331 daAuts
     D:1: 224 daAuts
     D:3: 197 daAuts
     D:8: 140 daAuts
  Temple: 72 daAuts
     D:2: 67 daAuts
